 Dungeon Crawl Stone Soup version 0.20.0-15-g7f486f2 (webtiles) character file.

2532 raph the Spear-Bearer (level 9, 0/96 HPs)
             Began as a Merfolk Ice Elementalist on June 10, 2017.
             Was a Follower of Okawaru.
             Slain by kalagan's ghost (8 damage)
             ... on level 8 of the Dungeon.
             The game lasted 00:21:45 (8144 turns).

raph the Spear-Bearer (Merfolk Ice Elementalist)    Turns: 8144, Time: 00:21:46

Health: 0/96       AC: 13    Str: 15    XL:     9   Next: 55%
Magic:  12/14      EV: 19    Int: 15    God:    Okawaru [*.....]
Gold:   416        SH:  0    Dex: 15    Spells: 5/15 levels left

rFire    x . .     SeeInvis .   q - +0 halberd
rCold    + + .     Gourm    .   (shield currently unavailable)
rNeg     + + .     Faith    .   l - +0 leather armour
rPois    .         Spirit   .   s - +2 helmet
rElec    .         Reflect  .   (no cloak)
rCorr    +         Harm     .   o - +2 pair of gloves "Put-Me-On" {rF- rN+ rCorr}
MR       .....                  w - +2 pair of boots "Noronton" {rC+}
Stlth    ..........             B - amulet of rage
Regen    0.3/turn               u - ring of protection from cold
MPRegen  0.2/turn               A - ring of positive energy

@: berserking, heroism, very quick
A: change form in water, swift swim, stealthy swim
a: Heroism, Renounce Religion, Evoke Berserk Rage


You were on level 8 of the Dungeon.
You worshipped Okawaru.
Okawaru was aware of your devotion.
You were hungry.

You visited 2 branches of the dungeon, and saw 9 of its levels.

You collected 416 gold pieces.

Inventory:

Hand Weapons
 q - a +0 halberd (weapon)
Armour
 a - a +0 robe
 l - a +0 leather armour (worn)
 o - the +2 pair of gloves "Put-Me-On" (worn) {rF- rN+ rCorr}
   (You found it on level 4 of the Dungeon)

   It makes you vulnerable to fire.
   It protects you from negative energy.
   It protects you from acid and corrosion.
 s - a +2 helmet (worn)
 w - the +2 pair of boots "Noronton" (worn) {rC+}
   (You found it on level 6 of the Dungeon)

   It protects you from cold.
Jewellery
 u - a ring of protection from cold (left hand)
 A - a ring of positive energy (right hand)
 B - an amulet of rage (around neck)
Wands
 y - a wand of clouds (4/9)
 D - a wand of paralysis (16/24)
Scrolls
 g - 4 scrolls of blinking
 p - 2 scrolls of teleportation
 v - 3 scrolls of identify
 E - 2 scrolls of fear
 F - a scroll of remove curse
Potions
 d - 2 potions of resistance
 f - 2 potions of flight
 h - 3 potions of agility
 j - 3 potions of haste {unknown}
 m - 4 potions of curing
 n - a potion of cancellation
 r - 2 potions of brilliance {unknown}
 t - 2 potions of might {unknown}
 x - a potion of experience {unknown}
 z - a potion of heal wounds {unknown}
 C - a potion of magic {unknown}
 H - a potion of mutation {unknown}
 I - a potion of ambrosia {unknown}
Books
 b - a book of Frost

   Spells                             Type                      Level
   a - Freeze                         Ice                          1
   b - Throw Frost                    Conjuration/Ice              2
   c - Ozocubu's Armour               Charms/Ice                   3
   d - Throw Icicle                   Conjuration/Ice              4
   e - Summon Ice Beast               Ice/Summoning                4
Comestibles
 c - 7 bread rations
 i - a fruit
 k - a royal jelly
 G - a chunk of flesh


   Skills:
 + Level 3.3(8.3) Fighting
 * Level 11.2(16.2) Polearms
 + Level 2.0(7.0) Armour
 + Level 5.9(10.9) Dodging
 - Level 2.9(7.9) Stealth
 - Level 3.9 Spellcasting
 - Level 0.7 Conjurations
 + Level 3.4 Charms
 - Level 0.6 Summonings
 + Level 6.5 Ice Magic
 + Level 0.7 Invocations


You had 5 spell levels left.
You knew the following spells:

 Your Spells              Type           Power        Failure   Level  Hunger
a - Freeze                Ice            ###.         1%          1    None
b - Throw Frost           Conj/Ice       ##....       8%          2    ##.....
c - Ozocubu's Armour      Chrm/Ice       ###.....     9%          3    ###....
d - Summon Ice Beast      Ice/Summ       ##......     45%         4    ####...


Dungeon Overview and Level Annotations

Branches:
Dungeon (8/15)             Temple (1/1) D:7
   Lair: D:8-11

Altars:
Ashenzari
Cheibriados
Dithmenos
Elyvilon
Fedhas
Gozag
Hepliaklqana
Kikubaaqudgha
Makhleb
Nemelex Xobeh
Okawaru
Qazlal
Ru
Sif Muna
Trog
Vehumet
Xom
Yredelemnul
Zin

Shops:
D:8 %

Annotations:
D:7 oliv1008's ghost, novice DrCj
D:8 kalagan's ghost, novice GrEE


Message History

Kalagan's ghost is heavily damaged.
Kalagan's ghost casts a spell at you. The blast of sand misses you.
A red film seems to cover your vision as you go berserk!
You feel yourself moving faster!
You feel mighty! Kalagan's ghost hits you! Kalagan's ghost freezes you.
You hit kalagan's ghost but do no damage.
Kalagan's ghost is heavily damaged.
You hit kalagan's ghost.
Kalagan's ghost is severely damaged.
Kalagan's ghost casts a spell at you. The stone arrow hits you!
* * * LOW HITPOINT WARNING * * *
You hit kalagan's ghost.
Kalagan's ghost is severely damaged.
Your icy armour evaporates.
You hit kalagan's ghost.
Kalagan's ghost is severely damaged.
Kalagan's ghost hits you!
You die...

#...# #.....# #######...###
###.###.#
#<..........#######...###.####
..........................>..#
##......#...#######.######.#.#
#......#.##....###........#.#
#.........................#.#
#.#####..........#........#.#
#.# #.....##W@.#........#.###
##.#####.....##...#........#...#
......##.....##...#........###.#
......##.....##...(.....##.....#
......##.....####..(....########
.....∩##..... #...(...# ......#
#....(..# ......# #.....(.#
##+#### #.......#


You could see kalagan's ghost.

Vanquished Creatures
  2 hippogriffs (D:7)
  Sigmund (D:3)
  A black bear (D:8)
  2 ice beasts (D:6)
  An ogre (D:6)
  An orc warrior (D:7)
  2 centaurs
  3 bullfrogs
  2 scorpions
  2 howler monkeys
  6 crimson imps
  3 hounds
  3 centaur skeletons
  An orc priest (D:7)
  3 jellies
  2 orc wizards
  3 bullfrog skeletons
  An iguana (D:6)
  4 worker ants
  A hound zombie (D:8)
  7 gnolls
  6 adders
  3 howler monkey skeletons
  A shadow imp (D:7)
  An adder skeleton (D:6)
  2 worms (D:2)
  7 leopard geckos
  11 orcs
  6 giant cockroaches
  7 goblins
  9 hobgoblins
  8 jackals
  2 quokkas
  2 ball pythons
  A ball python skeleton (D:5)
  6 bats
  6 frilled lizards
  11 kobolds
  A quokka skeleton (D:6)
  8 rats
149 creatures vanquished.

Vanquished Creatures (others)
  A plant (D:2)
1 creature vanquished.

Grand Total: 150 creatures vanquished

Notes
Turn   | Place    | Note
-------+----------+-------------------------------------------
     0 | D:1      | raph the Merfolk Ice Elementalist began the quest for the Orb.
     0 | D:1      | Reached XP level 1. HP: 13/13 MP: 3/3
   190 | D:1      | Reached XP level 2. HP: 19/19 MP: 0/5
   442 | D:1      | Learned a level 2 spell: Throw Frost
   728 | D:1      | Reached XP level 3. HP: 24/24 MP: 4/6
   772 | D:1      | Learned a level 3 spell: Ozocubu's Armour
  1877 | D:2      | Found a basalt altar of Yredelemnul.
  1880 | D:2      | Reached XP level 4. HP: 30/30 MP: 5/7
  2125 | D:2      | Found a sacrificial altar of Ru.
  2245 | D:2      | Found an opulent altar of Gozag.
  2248 | D:2      | Found a shattered altar of Ashenzari.
  2251 | D:2      | Found a shadowy altar of Dithmenos.
  2265 | D:2      | Found a snail-covered altar of Cheibriados.
  2653 | D:2      | Reached skill level 1 in Polearms
  3068 | D:2      | Reached XP level 5. HP: 34/35 MP: 6/8
  3299 | D:3      | Reached skill level 2 in Polearms
  3299 | D:3      | Reached skill level 1 in Charms
  3389 | D:3      | Noticed Sigmund
  3405 | D:3      | Killed Sigmund
  3405 | D:3      | Reached skill level 1 in Fighting
  3405 | D:3      | Reached skill level 3 in Polearms
  3405 | D:3      | Reached skill level 5 in Ice Magic
  3405 | D:3      | Reached XP level 6. HP: 31/43 MP: 0/10
  3625 | D:3      | Found a sacrificial altar of Ru.
  3715 | D:3      | Found a faded altar of an unknown god.
  3781 | D:3      | Reached skill level 4 in Polearms
  3982 | D:4      | Found a burning altar of Makhleb.
  4258 | D:4      | Reached XP level 7. HP: 43/48 MP: 3/11
  4312 | D:4      | Got a pair of ancient gloves
  4318 | D:4      | Identified the +2 pair of gloves "Put-Me-On" {rF- rN+ rCorr} (You found it on level 4 of the Dungeon)
  4638 | D:5      | Entered Level 5 of the Dungeon
  4703 | D:5      | Reached skill level 1 in Armour
  4961 | D:5      | Reached skill level 5 in Polearms
  5091 | D:5      | Learned a level 4 spell: Summon Ice Beast
  5129 | D:5      | Found a shimmering altar of Xom.
  5534 | D:5      | Reached XP level 8. HP: 56/56 MP: 13/13
  5738 | D:6      | Reached skill level 5 in Dodging
  5846 | D:6      | Reached skill level 6 in Polearms
  6461 | D:6      | Got a pair of spiked boots
  6467 | D:6      | Identified the +2 pair of boots "Noronton" {rC+} (You found it on level 6 of the Dungeon)
  6634 | D:6      | Reached skill level 7 in Polearms
  6942 | D:7      | Noticed oliv1008's ghost (novice DrCj)
  6947 | D:7      | Found a staircase to the Ecumenical Temple.
  6953 | Temple   | Entered the Ecumenical Temple
  7123 | Temple   | Became a worshipper of Warmaster Okawaru
  7166 | D:7      | Noticed a hippogriff
  7187 | D:7      | Killed a hippogriff
  7187 | D:7      | Reached skill level 9 in Polearms
  7187 | D:7      | Reached XP level 9. HP: 17/62 MP: 11/14
  7444 | D:7      | Reached skill level 10 in Polearms
  7449 | D:7      | Found a hazy altar of Hepliaklqana.
  7481 | D:7      | HP: 2/62 [orc warrior/mace (10)]
  7493 | D:7      | Reached * piety under Okawaru
  7790 | D:8      | Reached skill level 11 in Polearms
  8000 | D:8      | Found Qysaxta's Food Boutique.
  8103 | D:8      | Noticed kalagan's ghost (novice GrEE)
  8144 | D:8      | Slain by kalagan's ghost

Skill      XL: |  1  2  3  4  5  6  7  8  9 |
---------------+----------------------------+-----
Dodging        | 3 4 5 |  5.9
Ice Magic      | 4 5 6 |  6.5
Polearms       | 1 3 4 5 9 11 | 11.2
Charms         | 1 2 3 |  3.4
Fighting       | 1 2 3 |  3.3
Spellcasting   | 3 |  3.9
Armour         | 1 2 |  2.0
Stealth        | |  2.9
Conjurations   | |  0.7
Summonings     | |  0.6
Invocations    | |  0.7

Action                   |  1- 3 |  4- 6 |  7- 9 || total
-------------------------+-------+-------+-------++-------
Melee: Unarmed           |    18 |       |       ||    18
       Short sword       |    18 |       |       ||    18
       Halberd           |       |    77 |   383 ||   460
       Tailslap          |       |     1 |       ||     1
 Cast: Freeze            |    42 |    50 |    15 ||   107
       Throw Frost       |     9 |    17 |     5 ||    31
       Ozocubu's Armour  |     1 |     4 |    19 ||    24
Invok: Heroism           |       |       |     2 ||     2
  Use: Scroll            |       |     9 |     7 ||    16
       Potion            |       |       |     5 ||     5
 Stab: Sleeping          |       |     2 |     3 ||     5
  Eat: Chunk             |     3 |    11 |    15 ||    29
Armor: Robe              |    17 |    14 |       ||    31
       Leather armour    |       |     7 |   170 ||   177
Dodge: Dodged            |    61 |    78 |   272 ||   411
